 Dungeon Crawl Stone Soup version 0.31-a0-876-gfe8ebadbca (webtiles) character file.

Game seed: 15375575843119731172

636 BinkBink the Cleaver (level 7, -2/64 HPs)
             Began as a Minotaur Fighter on Oct 13, 2023.
             Was a Believer of Okawaru.
             Slain by a gnoll
             ... wielding a +2 flail of holy wrath
             ... led by a gnoll sergeant
              (8 damage)
             ... on level 5 of the Dungeon.
             The game lasted 00:04:14 (2767 turns).

BinkBink the Cleaver (Minotaur Fighter)             Turns: 2767, Time: 00:04:16

Health: -2/64      AC:  6    Str: 23    XL:     7   Next: 25%
Magic:  6/6        EV:  9    Int:  5    God:    Okawaru [**....]
Gold:   304        SH:  5    Dex: 15    Spells: 6/6 levels left

rFire   . . .        a - +0 war axe
rCold   . . .        c - +0 buckler
rNeg    . . .        b - +0 scale mail
rPois   .            (helmet currently unavailable)
rElec   .            (cloak currently unavailable)
rCorr   .            (gloves currently unavailable)
SInv    .            (boots currently unavailable)
Will    .....        (no amulet) Stlth
                     g - +6 ring of dexterity
HPRegen 0.30/turn    (no ring)
MPRegen 0.10/turn

%: no passive effects
@: beast-form
A: beast (slay +0), horns 2, retaliatory headbutt
a: Begin Untransformation, Renounce Religion, Heroism


You were on level 5 of the Dungeon.
You worshipped Okawaru.
Okawaru was pleased with you.
You were a hulking beast.
You visited 1 branch of the dungeon, and saw 5 of its levels.

You collected 304 gold pieces.

Inventory:

Hand Weapons
 a - a +0 war axe (weapon)
Armour
 b - a +0 scale mail (worn)
 c - a +0 buckler (worn)
Jewellery
 g - a +6 ring of dexterity (left hand)
 q - a ring of ice
 u - a ring of positive energy
 v - a +6 ring of dexterity
Talismans
 h - a storm talisman
 k - a beast talisman (active)
Scrolls
 e - 2 scrolls of teleportation {unknown}
 f - 6 scrolls of identify {unknown}
 i - 2 scrolls of amnesia {unknown}
 j - a scroll of poison {unknown}
 l - a scroll of silence {unknown}
 n - 3 scrolls of fear {unknown}
 p - a scroll of acquirement {unknown}
 t - 2 scrolls of blinking {unknown}
Potions
 d - a potion of might
 m - a potion of resistance {unknown}
 o - a potion of degeneration {unknown}
 r - 2 potions of curing {unknown}
 s - a potion of brilliance {unknown}
 w - a potion of cancellation {unknown}


   Skills:
 + Level 6.6 Fighting
 * Level 8.0 Axes
 - Level 3.6 Armour
 - Level 3.6 Shields


You had 6 spell levels left.
You didn't know any spells.
Your spell library contained the following spells:

 Spells                   Type           Power      Damage    Failure   Level
 Sting                    Tmut/Pois      0%         1d3       85%         1
 Poisonous Vapours        Pois/Air       0%         N/A       94%         2
 Volatile Blastmotes      Fire/Tloc      0%         2d10      99%         3
 Fulminant Prism          Conj/Hex       0%         3d5       100%        4
 Iskenderun's Mystic Bla  Conj/Tloc      0%         2d3       100%        4
 Olgreb's Toxic Radiance  Pois           0%         N/A       100%        4


Dungeon Overview and Level Annotations

Branches:
Dungeon (5/15)
 Temple: D:4-7

Altars:
Okawaru
Ru
The Shining One


Innate Abilities, Weirdness & Mutations

You are a hulking beast.
Your limbs bulge with bestial killing power. (Slay +0)
You have a pair of horns on your head.
You reflexively headbutt those who attack you in melee.


Message History

A gnoll comes into view. It is wielding a +0 flail.
There are monsters nearby!
There are monsters nearby!
The ogre closely misses you. You furiously retaliate!
You headbutt the ogre. You hit the ogre. Your headbutt misses the ogre.
The ogre is lightly wounded.
The ogre hits you with a +0 giant club!!
You hit the ogre but do no damage.
The ogre is lightly wounded.
A gnoll comes into view. It is wielding a +0 halberd.
You closely miss the ogre. You headbutt the ogre.
The ogre is moderately wounded.
You hit the gnoll. The ogre barely misses you.
The gnoll hits you with a +0 halberd!
A gnoll comes into view. It is wielding a +0 club.
The ogre attacks as it pursues you! The ogre closely misses you.
You furiously retaliate!
You headbutt the ogre! The gnoll hits you with a +0 halberd!
The gnoll hits you from afar with a +0 halberd!
* * * LOW HITPOINT WARNING * * *
A gnoll sergeant comes into view. It is wielding a +0 spear.
The gnoll sergeant shouts!
You barely miss the ogre.
The ogre is severely wounded.
You block the ogre's attack.
You barely miss the ogre.
The ogre is severely wounded.
The gnoll hits you from afar with a +0 halberd!
* * * LOW HITPOINT WARNING * * *
You hit the ogre but do no damage.
The ogre is severely wounded.
You block the ogre's attack. The gnoll barely misses you.
You slash the ogre!
You kill the ogre!
Okawaru is honoured by your kill.
You closely miss the gnoll.
The gnoll hits you from afar with a +0 halberd.
* * * LOW HITPOINT WARNING * * *
The gnoll hits you with a +2 flail of holy wrath!
You die...

#.# #†# #.# #.#
#####.######.#
.............#
#.. ........##
#.# #..####.#
#g# #.......# #
#.# ##g####.#
#.#.####g)h...#
#.....g.gg....#
#.#...##.####.#
...#.#.##.# ###
..# #.#.##.#
##. ###....# #
####.# ###


You could see a gnoll sergeant and 4 gnolls.

Vanquished Creatures
  Edmund (D:4)
  An ogre (D:5)
  A phantom (D:4)
  A scorpion (D:4)
  3 hounds (D:4)
  2 jellies (D:5)
  A sleepcap (D:4)
  2 orc wizards (D:5)
  8 adders
  An ufetubus (D:4)
  A dart slug (D:3)
  10 orcs
  6 ball pythons
  3 endoplasms
  3 giant cockroaches (D:2)
  12 goblins
  8 hobgoblins
  9 kobolds
  3 quokkas
  5 bats (D:1)
  4 frilled lizards
  3 rats
88 creatures vanquished.

Notes
Turn   | Place    | Note
-------+----------+-------------------------------------------
     0 | D:1      | BinkBink the Minotaur Fighter began the quest for the Orb.
     0 | D:1      | Reached XP level 1. HP: 19/19 MP: 0/0
   119 | D:1      | Reached skill level 3 in Axes
   123 | D:1      | Reached XP level 2. HP: 23/27 MP: 1/1
   173 | D:1      | Found a faded altar of an unknown god.
   241 | D:1      | Prayed at the altar of an unknown god.
   241 | D:1      | Became a worshipper of Warmaster Okawaru
   241 | D:1      | Reached * piety under Okawaru
   610 | D:1      | Reached XP level 3. HP: 33/33 MP: 2/2
   949 | D:2      | Reached skill level 4 in Axes
  1234 | D:2      | Reached XP level 4. HP: 39/41 MP: 3/3
  1380 | D:3      | Found a large runed translucent door.
  1380 | D:3      | Found a large runed translucent door.
  1451 | D:3      | Found a sacrificial altar of Ru.
  1466 | D:3      | Found an iron altar of Okawaru.
  1474 | D:3      | Reached skill level 5 in Axes
  1875 | D:4      | Noticed a scorpion
  1879 | D:4      | Killed a scorpion
  1879 | D:4      | Reached ** piety under Okawaru
  1879 | D:4      | Noticed a phantom
  1880 | D:4      | Reached skill level 5 in Fighting
  1880 | D:4      | Reached XP level 5. HP: 38/48 MP: 4/4
  1882 | D:4      | Reached skill level 6 in Axes
  1884 | D:4      | Reached XP level 6. HP: 41/56 MP: 5/5
  2089 | D:4      | Reached skill level 7 in Axes
  2094 | D:4      | Noticed Edmund
  2101 | D:4      | Killed Edmund
  2167 | D:4      | Found a glowing golden altar of the Shining One.
  2265 | D:4      | Reached XP level 7. HP: 63/63 MP: 6/6
  2534 | D:5      | Entered Level 5 of the Dungeon
  2716 | D:5      | Reached skill level 8 in Axes
  2767 | D:5      | Slain by a gnoll

Illustrated notes

Levels and vault maps discovered:
D:1:      minmay_arrival_jagged, layout_loops_ring,
          hellmonk_ecumenical_altar_inner_sanctum, hangedman_glass_teeth
D:2:      layout_rooms
D:3:      layout_rooms, jmf_multi_god_temple2
D:4:      layout_rooms, mainiacjoe_overflow_24_doors, uniq_edmund
D:5:      layout_basic, chequers_temple_overflow_minitemple,
          nicolae_overflow_crystal_walls

Skill      XL: |  1  2  3  4  5  6  7 |
---------------+----------------------+-----
Axes           | 3 4 5 6 7 8 |  8.0
Fighting       | 4 5 6 |  6.6
Armour         | |  3.6
Shields        | |  3.6

Action                     |  1- 3 |  4- 6 |  7- 9 || total
---------------------------+-------+-------+-------++-------
  Melee: War axe           |    80 |    62 |    34 ||   176
         Headbutt          |    11 |    12 |     4 ||    27
 Armour: Scale mail        |    66 |    48 |    26 ||   140
  Dodge: Dodged            |    44 |    33 |    14 ||    91
  Block: Buckler           |    25 |     6 |     4 ||    35
   Form: Beast             |     1 |       |       ||     1

Table legend: (Time is in decaauts)
 A = Elapsed time spent in this place.
 B = Non-inter-level travel time spent in this place.
 C = Inter-level travel time spent in this place.
 D = Time resting spent in this place.
 E = Time spent auto-exploring this place.
 F = Levels seen in this place.
 G = Mean time per level.
                   A        B        C        D        E       F      G
               +--------+--------+--------+--------+--------+-----+--------+
         Total |   2812 |   2671 |    141 |     78 |   2063 |   5 |  562.4 |
       Dungeon |   2812 |   2671 |    141 |     78 |   2063 |   5 |  562.4 |
               +--------+--------+--------+--------+--------+-----+--------+

Top non-repeatable levels by time:
     D:1: 866 daAuts
     D:4: 681 daAuts
     D:2: 542 daAuts
     D:3: 485 daAuts
     D:5: 236 daAuts
